 Dungeon Crawl Stone Soup version 0.31.0 (webtiles) character file.

Game seed: 8984682527691051490

147 qw the Shooter (level 5, -1/32 HPs)
             Began as a Gargoyle Hunter on Jan 19, 2024.
             Slain by an iguana (3 damage)
             ... on level 4 of the Dungeon.
             The game lasted 00:00:09 (2334 turns).

qw the Shooter (Gargoyle Hunter)                    Turns: 2334, Time: 00:00:09

Health: -1/32      AC:  9    Str: 15    XL:     5   Next: 29%
Magic:  5/5        EV: 11    Int:  9    God:
Gold:   186        SH:  0    Dex: 15    Spells: 4/4 levels left

rFire   . . .        a - +0 shortbow
rCold   . . .        (shield currently unavailable)
rNeg    + . .        i - +0 ring mail
rPois   inf          (no helmet)
rElec   +            (no cloak)
rCorr   .            (no gloves)
SInv    .            (no boots)
Will    .....        (no amulet)
Stlth   +            (no ring)
HPRegen 0.25/turn    (no ring)
MPRegen 0.09/turn

%: no passive effects
@: no status effects
A: sickness immunity, AC +4, negative energy resistance 1, electricity
resistance, torment resistance 1, petrification resistance
a: no special abilities


You were on level 4 of the Dungeon.
You visited 1 branch of the dungeon, and saw 4 of its levels.

You collected 186 gold pieces.


Innate Abilities, Weirdness & Mutations

You are immune to sickness and miasma.
Your stone body is resilient. (AC +4)
You are immune to poison.
You resist negative energy. (rN+)
You are resistant to electric shocks. (rElec)
You are resistant to unholy torment.
You are immune to petrification.


   Skills:
 - Level 3.1 Fighting
 + Level 5.9 Ranged Weapons
 - Level 1.2 Armour
 - Level 1.5 Dodging
 - Level 1.1 Stealth


You had 4 spell levels left.
You didn't know any spells.
Your spell library was empty.

Inventory:

Hand Weapons
 a - a +0 shortbow (weapon)
Armour
 i - a +0 ring mail (worn)
Wands
 c - a wand of digging (2)
Scrolls
 g - a scroll of enchant armour
Potions
 b - a potion of mutation
 d - a potion of cancellation
 f - a potion of degeneration {unknown}
 j - a potion of curing
 k - a potion of haste {unknown}

Dungeon Overview and Level Annotations

Branches:
Dungeon (4/15)
 Temple: D:4-7

Altars:
Dithmenos

Annotations:
D:2 1 runed translucent door, Crazy Yiuf


Message History

You climb upwards.
There is a stone staircase leading down here.
You shoot an arrow. The arrow hits the orc.
The orc is heavily wounded.
The orc hits you with a +1 falchion of protection.
You shoot an arrow. The arrow barely misses the orc.
The orc hits you but does no damage.
You shoot an arrow. The arrow barely misses the orc.
The orc barely misses you.
You shoot an arrow. The arrow hits the orc.
The orc is heavily wounded.
The orc barely misses you. The orc hits you but does no damage.
You shoot an arrow. The arrow hits the orc.
You kill the orc!
You start resting.
HP restored.
What level of the Dungeon? (default 4, ? - help)
You climb downwards.
There is a stone staircase leading up here.
An iguana is nearby!
You shoot an arrow. The arrow hits the iguana.
The iguana is lightly wounded.
The iguana barely misses you.
You shoot an arrow. The arrow barely misses the iguana.
The iguana bites you! x2
You shoot an arrow. The arrow closely misses the iguana.
The iguana barely misses you.
You shoot an arrow. The arrow hits the iguana.
The iguana is moderately wounded.
The iguana barely misses you.
You shoot an arrow.
The arrow hits the iguana but does no damage.
The iguana is moderately wounded.
The iguana bites you!
You shoot an arrow. The arrow barely misses the iguana.
The iguana bites you.
You shoot an arrow. The arrow hits the iguana.
The iguana is severely wounded.
The iguana bites you.
You die...

#. ..#.# #.
..#. ###.. ..#)
..... #.. ###
#.$..>......#
#.#$.<#.#.#.###
...............
.......@.......
......#l....###
..... ......#
.... .###.#.#
... .. .# # ..
.. .# . ... #
...


You could see an iguana.

Vanquished Creatures
  Jessica (D:2)
  5 adders
  4 dart slugs (D:1)
  2 orcs (D:3)
  3 bats
  5 endoplasms
  3 giant cockroaches (D:1)
  7 goblins
  7 hobgoblins
  5 jackals (D:1)
  4 kobolds
  3 quokkas
  6 ball pythons
  2 frilled lizards
  5 rats
62 creatures vanquished.

Notes
Turn   | Place    | Note
-------+----------+-------------------------------------------
     0 | D:1      | qw the Gargoyle Hunter began the quest for the Orb.
     0 | D:1      | Reached XP level 1. HP: 12/12 MP: 1/1
     0 | D:1      | 0 ||| qw: Version: 0.3-a-132-g3d54051
     0 | D:1      | 0 ||| qw: Game counter: 236
     0 | D:1      | 0 ||| qw: Melee chars always use a shield: true
     0 | D:1      | 0 ||| qw: God list: Okawaru
     0 | D:1      | 0 ||| qw: Allow faded altars: false
     0 | D:1      | 0 ||| qw: Do Orc after clearing Dungeon:15 true
     0 | D:1      | 0 ||| qw: Do second Lair branch before Depths: true
     0 | D:1      | 0 ||| qw: Lair rune preference: random
     0 | D:1      | 0 ||| qw: Goals: Normal
     0 | D:1      | 0 ||| PLANNING D:1-11
    38 | D:1      | Reached XP level 2. HP: 17/17 MP: 2/2
   146 | D:1      | Reached XP level 3. HP: 21/21 MP: 3/3
   157 | D:1      | Reached skill level 5 in Ranged Weapons
   542 | D:1      | 542 ||| UPGRADING to +0 ring mail.
   552 | D:1      | 552 ||| DROPPING +0 leather armour.
   553 | D:1      | 553 ||| READING scroll labelled USMARI BICAI.
   554 | D:1      | 554 ||| DROPPING scroll of butterflies.
   639 | D:2      | Found a runed translucent door.
   640 | D:2      | Noticed Crazy Yiuf
   724 | D:2      | Reached skill level 1 in Armour
   742 | D:2      | Reached XP level 4. HP: 27/27 MP: 4/4
   750 | D:2      | Reached skill level 3 in Fighting
   805 | D:2      | Noticed Jessica
   809 | D:2      | Killed Jessica
   810 | D:2      | 810 ||| FLEEEEING.
  1043 | D:2      | 1043 ||| READING scroll labelled HUEMNYSHETI.
  1044 | D:2      | 1044 ||| READING scroll labelled UPLEIL RIEBE.
  1044 | D:2      | 1044 ||| IDENTIFYING murky black potion
  1045 | D:2      | 1045 ||| READING scroll labelled NETSUCI ROGY.
  1146 | D:2      | 1146 ||| DRINKING 2 ruby potions.
  1147 | D:2      | 1147 ||| DRINKING bubbling clear potion.
  1152 | D:2      | 1152 ||| FLEEEEING.
  1275 | D:2      | 1275 ||| DROPPING potion of ambrosia.
  1491 | D:3      | Found a shadowy altar of Dithmenos.
  1656 | D:3      | Reached XP level 5. HP: 32/32 MP: 5/5
  2183 | D:3      | 2183 ||| READING scroll of identify.
  2183 | D:3      | 2183 ||| IDENTIFYING blue potion
  2184 | D:3      | 2184 ||| READING 2 scrolls labelled IXECSI DON OBIFO.
  2184 | D:3      | 2184 ||| ENCHANTING +0 shortbow.
  2185 | D:3      | 2185 ||| DRINKING 2 puce potions.
  2241 | D:4      | 2241 ||| STAIRDANCE
  2245 | D:4      | 2245 ||| STAIRDANCE
  2253 | D:3      | 2253 ||| FLEEEEING.
  2308 | D:4      | 2308 ||| STAIRDANCE
  2332 | D:4      | HP: 6/32 [iguana (8)]
  2333 | D:4      | HP: 2/32 [iguana (4)]
  2334 | D:4      | Slain by an iguana

Levels and vault maps discovered:
D:1:      saegor_arrival_simple_c, layout_basic
D:2:      layout_rooms, chequers_serial_rivers_room_b, uniq_crazy_yiuf_cottage,
          uniq_jessica
D:3:      layout_loops_corners, nicolae_overflow_hidden_temple,
          minmay_fractal_squares_diagonal_5
D:4:      layout_basic

Skill      XL: |  1  2  3  4 |
---------------+-------------+-----
Ranged Weapons | 5 |  5.9
Armour         | 1 |  1.2
Fighting       | 3 |  3.1
Dodging        | |  1.5
Stealth        | |  1.1

Action                     |  1- 3 |  4- 6 || total
---------------------------+-------+-------++-------
   Fire: Shortbow          |   108 |    99 ||   207
    Use: Scroll            |     1 |     5 ||     6
         Potion            |       |     3 ||     3
 Armour: Leather armour    |    39 |       ||    39
         Ring mail         |     5 |    33 ||    38
  Dodge: Dodged            |    42 |    36 ||    78

Table legend:
 A = Non-vault XP
 B = Vault XP
 C = Vault XP percentage of total XP
 D = Non-vault monster count
 E = Vault monster count
 F = Vault count percentage of total count
                 A         B        C        D         E       F
            +---------+---------+-------+---------+---------+-------
      Total |     136 |      75 |  35.5 |      53 |       9 |  14.5
            +---------+---------+-------+---------+---------+-------
        D:1 |      63 |       0 |   0.0 |      30 |       0 |   0.0
        D:2 |      43 |      37 |  46.2 |      13 |       1 |   7.1
        D:3 |      30 |      38 |  55.9 |      10 |       8 |  44.4
            +---------+---------+-------+---------+---------+-------
